 Dungeon Sprint DCSS version 0.19.5 (webtiles) character file.

24899 Groucho the Acrobat (level 12, -7/68 HPs)
             Began as a Felid Monk on May 18, 2017.
             Was the Champion of Cheibriados.
             Blown up by a lich (48 damage)
             ... with a wavering orb of destruction
             ... in the Dungeon (Sprint IX: "|||||||||||||||||||||||||||||").
             The game lasted 00:12:55 (8233 turns).

Groucho the Acrobat (Felid Monk)                    Turns: 8233, Time: 00:12:55

Health: -7/68      AC:  3    Str: 23    XL:     12   Next: 84%
Magic:  25/25      EV: 44    Int: 29    God:    Cheibriados [******]
Gold:   321        SH:  0    Dex: 39    Spells: 0 memorised, 11 levels left
                                        Lives:  0   Deaths: 4

rFire  + + .     SeeInvis +       - Unarmed
rCold  + . .     Gourm    .     (armour unavailable)
rNeg   + . .     Faith    +     (shield unavailable)
rPois  .         Spirit   .     (helmet unavailable)
rElec  .         Reflect  .     (cloak unavailable)
rCorr  .         Harm     .     (gloves unavailable)
MR     +....     NoTele   +     (boots unavailable)
Stlth  +++++++++.               s - amulet of faith
                                b - ring "Deosotubby" {rF+ rN+ Int+2 Dex+2}
                                r - ring of protection from fire

@: very slow
A: no armour, no weapons or thrown items, stealth, claws 1, fangs 3, see
invisible, carnivore 3, speed 1, shaggy fur 3, slow metabolism 1, sharp paws
a: Bend Time, Temporal Distortion, Slouch, Step From Time, Renounce Religion


You were in the Dungeon.
You worshipped Cheibriados.
Cheibriados was exalted by your worship.
You were not hungry.

You visited 1 branch You collected 1909 gold pieces.
You spent 1588 gold pieces at shops.

Inventory:

Jewellery
 b - the ring "Deosotubby" (right paw) {rF+ rN+ Int+2 Dex+2}
   (You bought it in a shop in the Dungeon)

   [ring of positive energy]

   It affects your intelligence (+2).
   It affects your dexterity (+2).
   It protects you from fire.
   It protects you from negative energy.
 j - a +3 ring of strength
 l - a +4 ring of intelligence
 q - an uncursed ring of protection from cold
 r - a ring of protection from fire (left paw)
 s - an amulet of faith (around neck)
 t - an uncursed ring of protection from fire
 u - an uncursed ring of protection from magic
Wands
 i - a wand of acid (2/15)
 v - a wand of teleportation (5/9)
Scrolls
 c - a scroll of identify
 f - 8 scrolls of remove curse
 g - a scroll of blinking
 h - 2 scrolls of amnesia
 k - 2 scrolls of fog
Potions
 d - 2 potions of curing
 e - 3 potions of magic
 m - a potion of might
 n - a potion of agility
 p - a potion of cure mutation
Comestibles
 a - 12 meat rations


   Skills:
 + Level 17.2 Fighting
 + Level 21.3 Dodging
 - Level 17.8 Stealth
 * Level 18.4 Unarmed Combat
 + Level 16.5 Invocations


You had 11 spell levels left.
You didn't know any spells.

Dungeon Overview and Level Annotations

Branches:
Dungeon (1/1)

Altars:
Cheibriados
Dithmenos
Elyvilon
Fedhas
Gozag
Hepliaklqana
Kikubaaqudgha
Makhleb
Nemelex Xobeh
Okawaru
Qazlal
Ru
Sif Muna
Trog
Uskayaw
Vehumet
Xom
Yredelemnul
Zin
The Shining One
Beogh
Jiyva
Lugonu

Shops:
D ?=[!


Innate Abilities, Weirdness & Mutations

You cannot wear armour.
You are incapable of wielding weapons or throwing items.
Your paws allow you to move quietly. (Stealth)
You have sharp claws.
You have razor-sharp teeth.
You have supernaturally acute eyesight. (SInv)
You are carnivorous and can eat meat at any time.
You cover ground quickly.
Your thick and shaggy fur keeps you warm. (AC +3, rC+)
You have a slow metabolism.
Your sharp claws are effective at attacking unaware monsters.


Message History

The lich is lightly damaged.
The lich touches you!
You closely miss the lich.
The lich is lightly damaged.
You mangle the lich!!
The lich is moderately damaged.
The lich completely misses you.
You mangle the lich!!
The lich is heavily damaged.
The lich gestures at you while chanting.
The bolt of lightning misses you.
You scratch the lich.
The lich is heavily damaged.
Unknown command.
You scratch the lich but do no damage. Your claw misses the lich.
The lich is heavily damaged.
The lich conjures a glowing orb.
The wavering orb of destruction weakly hits you!
Ouch! That really hurt!
You die...

▓.▓'▓.▓[▓.▓.▓.▓.
▓C▓.♣.♣.▓[▓.▓.▓.▓†
▓i▓.♣.♣.▓.▓.▓.▓.▓†
▓c▓p♣.♣.▓)▓.▓.▓.▓†
▓u▓.♣.♣.▓)▓.▓)▓.▓'
▓G▓.♣.♣.▓)▓.▓)▓.▓.
▓D▓.♣.♣.▓)▓.▓.▓.▓.
▓L▓.♣[♣.▓)▓)▓.▓.▓.
▓@▓.♣.♣.▓)▓.▓.▓.▓?
▓.▓.♣.♣.▓)▓.▓.▓.▓.
▓.▓.♣)♣.▓)▓.▓.▓.▓)
▓.▓.▓(▓.▓.▓.▓(▓.▓.
▓.▓.▓.▓.▓.▓.▓'▓.▓)
▓.▓.▓(▓.▓=▓)▓.▓.▓.
▓.▓.▓.▓.▓=▓.▓.▓.▓.
▓.▓p▓.▓.▓.▓.▓.▓.▓.
▓.▓.▓(▓.▓'▓.▓.▓.▓.


You could see an ice dragon, a stone giant, a lich, a great orb of eyes, a green
ugly thing, a centaur warrior and a spriggan berserker.

Vanquished Creatures
  Rupert (D)
  A thorn hunter (D)
  Kirke (D)
  A nagaraja (D)
  Azrael (D)
  A fire dragon (D)
  2 merfolk impalers (D)
  Snorg (D)
  Erolcha (D)
  A hydra (D)
  A ghost crab (D)
  6 ogre magi (D)
  An anaconda (D)
  A death yak (D)
  2 alligators (D)
  Sonja (D)
  4 naga sharpshooters (D)
  A shock serpent (D)
  2 sea snakes (D)
  A swamp dragon (D)
  A harpy (shapeshifter) (D)
  An orc knight (D)
  2 wolf spiders (D)
  A manticore (D)
  An ugly thing (D)
  2 cyclopes (D)
  2 black mambas (D)
  Psyche (D)
  A naga mage (D)
  5 spiny frogs (D)
  A yaktaur (D)
  A rime drake (shapeshifter) (D)
  2 demonic crawlers (D)
  2 merfolk (D)
  A komodo dragon (D)
  A troll (D)
  A jumping spider (D)
  A wind drake (D)
  A tyrant leech (D)
  2 slime creatures (D)
  5 two-headed ogres (D)
  A bog body (D)
  A hornet (D)
  2 hippogriffs (D)
  A blink frog (D)
  3 redbacks (D)
  A yak (D)
  A wyvern (D)
  A vampire (D)
  2 wraiths (D)
  3 fire elementals (D)
  A hog (D)
  2 vampire mosquitoes (D)
  4 water moccasins (D)
  2 hell hounds (D)
  3 porcupines (D)
  A swamp drake (D)
  11 orc warriors (D)
  An eye of draining (D)
  4 ogres (D)
  A crocodile (shapeshifter) (D)
  2 crocodiles (D)
  5 bullfrogs (D)
  5 orc priests (D)
  A jelly (D)
  2 orc wizards (D)
  An iguana (D)
  An adder (D)
  2 leopard geckos (D)
  7 orcs (D)
  3 bat skeletons (D)
  A jackal (D)
  A goblin (D)
  2 kobolds (D)
  A leopard gecko skeleton (D)
  A quokka zombie (D)
147 creatures vanquished.

Vanquished Creatures (others)
  A hydra (D)
  A human (D)
  5 briar patches (D)
7 creatures vanquished.

Grand Total: 154 creatures vanquished

Notes
Turn   | Place    | Note
-------+----------+-------------------------------------------
     0 | D        | Groucho the Felid Monk began the quest for the Orb.
     0 | D        | Reached XP level 1. HP: 10/10 MP: 2/2
   258 | D        | Noticed an ogre
   258 | D        | Noticed an iguana
   267 | D        | Killed an iguana
   267 | D        | Reached skill level 5 in Dodging
   267 | D        | Reached skill level 5 in Stealth
   267 | D        | Reached XP level 2. HP: 15/15 MP: 3/3
   267 | D        | Reached XP level 3. HP: 18/18 MP: 4/4
   274 | D        | Killed an ogre
   274 | D        | Reached skill level 5 in Fighting
   274 | D        | Reached skill level 7 in Dodging
   274 | D        | Reached skill level 5 in Unarmed Combat
   274 | D        | Reached XP level 4. HP: 11/23 MP: 5/5
   774 | D        | Found a roughly hewn altar of Beogh.
   774 | D        | Found a snail-covered altar of Cheibriados.
   774 | D        | Found a shadowy altar of Dithmenos.
   774 | D        | Found a white marble altar of Elyvilon.
   774 | D        | Found a blossoming altar of Fedhas.
   774 | D        | Found an opulent altar of Gozag.
   775 | D        | Found a hazy altar of Hepliaklqana.
   776 | D        | Found a viscous altar of Jiyva.
   777 | D        | Found an ancient bone altar of Kikubaaqudgha.
   778 | D        | Became a worshipper of Cheibriados the Contemplative
   778 | D        | Reached * piety under Cheibriados
   778 | D        | Reached ** piety under Cheibriados
   789 | D        | Found a corrupted altar of Lugonu.
   790 | D        | Found a burning altar of Makhleb.
   791 | D        | Found a sparkling altar of Nemelex Xobeh.
   792 | D        | Found an iron altar of Okawaru.
   793 | D        | Found a stormy altar of Qazlal.
   794 | D        | Found a sacrificial altar of Ru.
   795 | D        | Found a deep blue altar of Sif Muna.
   796 | D        | Found a bloodstained altar of Trog.
   797 | D        | Found a hide-covered altar of Uskayaw.
   798 | D        | Found a radiant altar of Vehumet.
   799 | D        | Found a shimmering altar of Xom.
   800 | D        | Found a basalt altar of Yredelemnul.
   801 | D        | Found a glowing silver altar of Zin.
   802 | D        | Found a glowing golden altar of the Shining One.
   830 | D        | Noticed a hill giant
   830 | D        | Noticed a wraith
   830 | D        | Noticed a bullfrog
   834 | D        | Killed a bullfrog
   834 | D        | Reached skill level 8 in Dodging
   834 | D        | Reached XP level 5. HP: 27/27 MP: 5/7
   836 | D        | Reached *** piety under Cheibriados
   850 | D        | Killed a wraith
   850 | D        | Reached skill level 9 in Dodging
   850 | D        | Gained mutation: You are covered in thick fur. (AC +2) [Felid growth]
   850 | D        | Reached XP level 6. HP: 30/31 MP: 6/9
   854 | D        | Slain by a hill giant
   855 | D        | Reached XP level 5. HP: 0/28 MP: 7/8
   885 | D        | Noticed a spiny frog
   885 | D        | Noticed a blink frog
   886 | D        | Noticed a spiny frog
   887 | D        | Noticed a spiny frog
   889 | D        | Noticed a tyrant leech
   890 | D        | Noticed a vampire mosquito
   891 | D        | Killed a spiny frog
   891 | D        | Reached **** piety under Cheibriados
   891 | D        | Reached skill level 10 in Dodging
   891 | D        | Reached skill level 10 in Stealth
   891 | D        | Reached skill level 5 in Invocations
   891 | D        | Reached XP level 6. HP: 33/33 MP: 8/10
   892 | D        | Killed a blink frog
   892 | D        | Reached XP level 7. HP: 37/37 MP: 8/12
   904 | D        | Killed a spiny frog
   904 | D        | Reached skill level 11 in Dodging
   908 | D        | Slain by a spiny frog
   909 | D        | Reached XP level 6. HP: 0/34 MP: 11/11
   927 | D        | Found Leniacu's Magic Scroll Shop.
   927 | D        | Noticed a two-headed ogre
   927 | D        | Noticed a two-headed ogre
   927 | D        | Noticed a two-headed ogre
   927 | D        | Noticed a two-headed ogre
   929 | D        | Killed a two-headed ogre
   929 | D        | Reached ***** piety under Cheibriados
   929 | D        | Reached XP level 7. HP: 38/38 MP: 11/13
   930 | D        | Found Lonwyilu's Jewellery Boutique.
   931 | D        | Killed a two-headed ogre
   932 | D        | Noticed an ogre mage
   933 | D        | Killed a two-headed ogre
   933 | D        | Reached skill level 12 in Dodging
   933 | D        | Reached XP level 8. HP: 42/42 MP: 12/14
   941 | D        | Killed a two-headed ogre
   943 | D        | Reached ****** piety under Cheibriados
   955 | D        | Killed an ogre mage
   955 | D        | Reached skill level 10 in Fighting
   955 | D        | Reached skill level 13 in Dodging
   955 | D        | Reached skill level 10 in Unarmed Combat
   955 | D        | Reached XP level 9. HP: 31/47 MP: 16/16
   964 | D        | Found Dajeann's Antique Armour Shop.
   966 | D        | Noticed an ogre mage
   967 | D        | Found Xeifon's Distillery.
   968 | D        | Noticed an ogre mage
   970 | D        | Noticed an ogre mage
   971 | D        | Noticed an ogre mage
   975 | D        | Killed an ogre mage
   979 | D        | Killed an ogre mage
   986 | D        | Killed an ogre mage
   986 | D        | Reached skill level 14 in Dodging
   986 | D        | Reached skill level 15 in Stealth
   986 | D        | Reached skill level 10 in Invocations
   986 | D        | Reached XP level 10. HP: 19/52 MP: 13/18
   987 | D        | Killed an ogre mage
  1046 | D        | Bought the ring "Deosotubby" {rF+ rN+ Int+2 Dex+2} for 508 gold pieces
  1420 | D        | Noticed an orc knight
  1426 | D        | Killed an orc knight
  1426 | D        | Reached skill level 15 in Dodging
  1776 | D        | Slain by an orc warrior
  1777 | D        | Reached XP level 9. HP: -1/49 MP: 18/18
  1856 | D        | Noticed Erolcha
  1863 | D        | Killed Erolcha
  1878 | D        | Noticed a manticore
  1878 | D        | Noticed a komodo dragon
  1878 | D        | Noticed a cyclops
  1884 | D        | Killed a komodo dragon
  1884 | D        | Reached XP level 10. HP: 39/54 MP: 13/19
  1885 | D        | Killed a manticore
  1890 | D        | Killed a cyclops
  2105 | D        | Noticed a spiny frog
  2110 | D        | Reached skill level 16 in Dodging
  2113 | D        | Killed a spiny frog
  2304 | D        | Noticed an eight-headed hydra
  2307 | D        | Noticed a black mamba
  2308 | D        | Killed an eight-headed hydra
  2309 | D        | Noticed a death yak
  2312 | D        | Killed a black mamba
  2322 | D        | Killed a death yak
  2322 | D        | Reached XP level 11. HP: 54/58 MP: 11/21
  3028 | D        | Reached skill level 17 in Dodging
  3166 | D        | Bought an uncursed ring of protection from cold for 300 gold pieces
  3166 | D        | Bought an uncursed ring of protection from fire for 300 gold pieces
  3166 | D        | Bought an uncursed amulet of faith for 480 gold pieces
  3273 | D        | Noticed Sonja
  3279 | D        | Killed Sonja
  3357 | D        | Noticed an ogre mage
  3363 | D        | Noticed a harpy
  3364 | D        | Killed an ogre mage
  3368 | D        | Noticed a green ugly thing
  3376 | D        | Killed a harpy
  3380 | D        | Killed a green ugly thing
  3380 | D        | Reached skill level 18 in Dodging
  3745 | D        | Noticed Snorg
  3747 | D        | Noticed Azrael
  3771 | D        | Killed Snorg
  4144 | D        | Killed Azrael
  4144 | D        | Gained mutation: Your thick and shaggy fur keeps you warm. (AC +3, rC+) [Felid growth]
  4144 | D        | Reached XP level 12. HP: 51/64 MP: 23/23
  4189 | D        | Noticed Psyche
  4196 | D        | Killed Psyche
  4241 | D        | Noticed a thorn hunter
  4241 | D        | Noticed a four-headed hydra
  4241 | D        | Noticed a ghost crab
  4241 | D        | Noticed an alligator
  4245 | D        | Reached skill level 15 in Fighting
  4245 | D        | Reached skill level 15 in Unarmed Combat
  4246 | D        | Noticed an alligator
  4247 | D        | Killed an alligator
  4256 | D        | HP: 1/65 [ghost crab] (12)]
  4260 | D        | Killed a ghost crab
  4260 | D        | Killed a four-headed hydra
  4260 | D        | Reached skill level 19 in Dodging
  4262 | D        | Killed a thorn hunter
  4739 | D        | Killed an alligator
  5198 | D        | Noticed a merfolk impaler
  5201 | D        | Reached skill level 15 in Invocations
  5775 | D        | Killed a merfolk impaler
  6048 | D        | Noticed a merfolk impaler
  6065 | D        | Killed a merfolk impaler
  6065 | D        | Reached skill level 20 in Dodging
  6367 | D        | Noticed a nagaraja
  6367 | D        | Noticed an anaconda
  6370 | D        | Killed an anaconda
  6378 | D        | Reached XP level 13. HP: 19/71 MP: 5/25
  6378 | D        | Killed from afar by a nagaraja
  6379 | D        | Reached XP level 12. HP: -19/67 MP: 0/24
  6638 | D        | Killed a nagaraja
  7603 | D        | Noticed Rupert
  7603 | D        | Paralysed by Rupert for 3 turns
  7616 | D        | Paralysed by Rupert for 6 turns
  7625 | D        | Killed Rupert
  7625 | D        | Reached skill level 21 in Dodging
  7820 | D        | Noticed Kirke
  7839 | D        | Killed Kirke
  8216 | D        | Noticed a centaur warrior
  8216 | D        | Noticed a lich
  8216 | D        | Noticed a great orb of eyes
  8216 | D        | Noticed an ice dragon
  8216 | D        | Noticed a fire dragon
  8226 | D        | Killed a fire dragon
  8227 | D        | Noticed a stone giant
  8233 | D        | Blown up by a lich

Skill      XL: |  1  2  3  4  5  6  7  8  9 10 11 12 |
---------------+-------------------------------------+-----
Stealth        | 5 7 8 10 12 13 15 17 | 17.8
Fighting       | 4 5 6 7 9 10 11 13 14 17 | 17.2
Dodging        | 5 7 8 10 12 13 14 16 18 21 | 21.3
Unarmed Combat | 4 5 6 8 9 10 11 13 14 18 | 18.4
Invocations    | 2 5 7 8 10 12 14 16 | 16.5

Action                   |  1- 3 |  4- 6 |  7- 9 | 10-12 | 13-15 || total
-------------------------+-------+-------+-------+-------+-------++-------
Melee: Unarmed           |    27 |    22 |    42 |   298 |       ||   389
       Bite              |     1 |     5 |    11 |    70 |       ||    87
       Punch             |     1 |     1 |     4 |    49 |       ||    55
Invok: Slouch            |       |       |     2 |    29 |     1 ||    32
Evoke: Wand              |       |       |       |     5 |       ||     5
  Use: Potion            |     3 |     3 |     1 |     9 |       ||    16
       Scroll            |       |       |       |     2 |       ||     2
 Stab: Sleeping          |       |     5 |     4 |    16 |       ||    25
       Distracted        |       |     1 |       |     1 |       ||     2
  Eat: Meat ration       |       |       |       |     1 |       ||     1
Armor: Skin              |       |     1 |       |     3 |       ||     4
Dodge: Dodged            |    12 |    14 |    44 |   344 |       ||   414
